[Event "44th Chess Olympiad Open 2022"]
[Site "Chennai"]
[Date "2022.07.29"]
[Round "1.46"]
[White "Deng, Yu Dong Michael"]
[Black "Taher, Yoseph Theolifus"]
[Result "0-1"]
[WhiteElo "2028"]
[BlackElo "2463"]
[Annotator "TA"]
[PlyCount "96"]
[EventDate "2022.??.??"]
[TimeControl "60"]

1. d4 g6 2. c4 Bg7 3. Nc3 c5 4. d5 Bxc3+ 5. bxc3 f5 6. h4 Nf6 {[%emt 0:00:49]
A40: Unusual replies to 1 d4.} 7. Nf3 (7. h5 $14) 7... Qa5 8. Qc2 d6 {[%emt 0:00:32] The
position is equal.} 9. Bg5 Nbd7 10. e3 {
[%emt 0:03:09] [#]} h6 $146 ({Predecessor:} 10... Ne4 11. Rc1
h6 12. Bf4 Ndf6 13. Ng1 Nd7 14. f3 Nef6 15. g4 Nf8 16. gxf5 Bxf5 {1-0 (46)
Buraczewski,R (2220)-Stachanczyk,J (2218) Szklarska Poreba 2017}) 11. Bf4 (11. Bxf6 $5 Nxf6 12. Rb1 $11) 11... Nb6 (
11... b5 $15) 12. Bd3 (12. a4 $14 {should be considered.})
12... Qa4 $11 13. Qb3 e5 (
13... Bd7 $1 $15) 14. dxe6 $1 Bxe6 15. O-O-O ({Better is} 15. O-O $11) 15... O-O-O 16. Nd2
{[%emt 0:14:24] Black keeps a firm grip on the game.} Ng4 17.
Rhf1 Ne5 18. Be2 Qa6 {
[%emt 0:00:12] Black is much more active.} 19. Bxe5 dxe5 20. Kb1 Bd7 21. Nf3 (21. Ka1 $17) 21... Ba4 $19 22. Rxd8+ Rxd8 23. Qa3 {[%emt 0:00:00] [#]}
Bc2+ $1 24. Kb2 {[%emt 0:00:00] [#] Strongly threatening Qxa6.
} Qxa3+ ({And not} 24... Nxc4+ 25. Bxc4 Qxc4 26. Rc1 $17) 25.
Kxa3 e4 26. Ne5 (26. Nd4
cxd4 27. cxd4) 26... Rd2 27. Re1 Na4 28. Nxg6 Nxc3 29. Nf4 Ba4 30. Ra1 a6 {[%emt 0:01:08] White must now prevent ...Bc2.} ({Stronger than} 30...
Nxe2 31. Nxe2 Rxe2 32. Kxa4 $17) 31. Nd5 Nxd5 ({Worse is} 31... Nxe2 32. Kxa4 b5+ 33. Kb3 $17) 32. cxd5 {[%emt 0:00:06]
Endgame KRB-KRB} Bd7 33. Re1 Rxd5 {[%emt 0:
00:07] Threatens to win with ...Rd2.} 34. Rd1 $2 (34. Rc1)
34... Rxd1 35. Bxd1 {[%emt 0:00:02] KB-KB} b5 36. Kb2 Kc7 37. f3 exf3 38. gxf3 Kd6 39. a3 c4 {[%emt 0:00:11] aiming for ...a5.} 40. Bc2 Kc5 41. f4 a5 {[%emt 0:30:05][%cal Ya6a5,Ya5b4] ..
.b4 is the strong threat.} 42. e4 fxe4 {[%emt 0:00:06] Black
mates.} 43. Bxe4 Kd4 44. Bg6 b4 45. axb4 axb4 46. h5 Ba4 47. Bh7 c3+ 48. Ka2 Bd1 {[%emt 0:00:00] Weighted Error Value:
White=0.92/Black=0.19 (very precise)} 0-1

[Event "44th Chess Olympiad Open 2022"]
[Site "Chennai"]
[Date "2022.07.29"]
[Round "1.46"]
[White "Kwong, Wing Ki"]
[Black "Kurniawan, Muhamad Agus"]
[Result "0-1"]
[WhiteElo "1824"]
[BlackElo "2328"]
[Annotator "TA"]
[PlyCount "122"]
[EventDate "2022.??.??"]
[TimeControl "60"]

1. d4 Nf6 2. c4 g6 3. Nc3 Bg7 4. e4 d6 5. Nf3 O-O 6. Be2 Na6 7. Bg5 h6 8. Bh4 g5 9. Bg3 Nh5 {
[%emt 0:00:28][%cal Ye7e5] E91: King's Indian: Classical: 6 Be2, unusual
replies including 6...c5 and 6...Bg4.} 10. O-O e6 {[%emt 0:00:
00] [#]} 11. c5 $146 (11. Rb1 $11 {remains equal.}) ({
Predecessor:} 11. Ne1 Nxg3 12. hxg3 c5 13. d5 exd5 14. exd5 Nc7 15. Nc2 f5 16.
Bd3 Bd7 17. Qh5 Qe8 18. Qxe8 Raxe8 19. Rae1 a6 20. Rxe8 Rxe8 21. a4 b6 22. Ne3
Rf8 23. Ra1 a5 {½-½ (23) Khismatullin,D (2667)-Nikolaidis,I (2493) Chalkis
2010}) 11... Nxg3 {[%emt 0:09:29] Black is better.} 12. hxg3 dxc5 13. d5 exd5 14. exd5 Nb4 15. a3 (15. Re1 $17)
15... Bxc3 $19 16. axb4 Bxb4 (16... Bxb2 17. Ra2 Bg7 18. bxc5 $17) 17. Ne5 Qf6 18. f4 gxf4 $1 19. gxf4 c4 $1 20. g4 c3 ({Stronger than} 20... Qh4 21. Kg2 $17) 21. Rf3 (21. bxc3 {keeps fighting.} Bxc3 22. Ra3 Bxe5 23. fxe5 Qxe5 24. Qd2) 21...
cxb2 22. Rb1 Bd6 23. Qd4 Bxe5 $2 (23... a5 $19 {is more deadly. And
now ...b6 would win.} 24. Rxb2 a4) 24. fxe5 $17 Qb6 25. Qxb6 axb6 26. Rxb2 Ra4 ({But not} 26... Bxg4 $6 27. Rg3 f5 28. exf6 $11) (
26... Re8 $17 27. Re3 Ra5) 27. Rc2 (27. Rc3 $15) 27... Re4 ({Weaker is} 27... Bxg4 28. Rg3 h5 29. Bxg4 hxg4 30. Rxc7 $15)
28. e6 {[%emt 0:13:07] [#] Bd3 is the strong threat.} fxe6 ({
Better is} 28... c5 $1 $17 29. dxc6 bxc6 30. Rxf7 Bxe6 31. Rxf8+ Kxf8) 29.
Rxf8+ $11 Kxf8 30. Rxc7 $2 (
30. Bf3 $1 $11 {and White is okay.} Rf4 31. Rxc7 Rxf3 32. Rxc8+ Ke7 33. Rb8)
30... Rxe2 $19 31. Rxc8+ $17 {[%emt 0:00:57] Endgame KR-KR}
Ke7 32. Rc7+ $2 (32. Rh8) 32... Kd6 $19 33. Rxb7 ({White should play} 33. Rh7 $19)
33... Kxd5 {[%emt 0:00:04] Hoping for ...Rb2.} 34. Rxb6 Re4 $1 35. Kf2 $2 {[%emt 0:00:50] Black continues to play with
concentration.} ({White has to play} 35. Rb5+ $1 $15 Kd6 36. Rh5) 35... Rxg4 36. Rb5+ {[%emt 0:00:40] [#]} Ke4 $1 {[%emt 0:00:00] White
must now prevent ...e5.} 37. Rb4+ $2 (37. Rh5 Rg6 38. Rh3)
37... Kf5 38. Rb5+ e5 39.
Kf3 Rf4+ 40. Ke3 h5 41. Rb8 Kg4 42. Rg8+ Kh4 {[%emt 0:00:23] ( -> ...Rg4)} 43. Re8 Rf5
{[%emt 0:00:00] Black mates.} 44. Ke4 Kg4 45.
Ra8 h4 46. Ra1 Rf3 47. Rg1+ Rg3 48. Rf1 Rg2 49. Rf8 Re2+ 50. Kd3 Ra2 51. Ke3 Kg3 52. Rg8+ Kh2 53. Kf3 h3 54. Rg7 Ra3+ 55. Ke4 Rg3 56. Ra7 Rg5 57. Ra3 Kg2 58. Ra2+ Kg3 59. Ra3+ Kg4 60. Ra2 Rh5 61. Kd5 h2 {[%emt 0:00:
00] Weighted Error Value: White=1.05/Black=0.19 (very precise)} 0-1

[Event "44th Chess Olympiad Open 2022"]
[Site "Chennai"]
[Date "2022.07.29"]
[Round "1.47"]
[White "Cubas, Jose Fernando"]
[Black "Altell, Majed"]
[Result "1-0"]
[WhiteElo "2451"]
[BlackElo "1807"]
[Annotator "TA"]
[PlyCount "55"]
[EventDate "2022.??.??"]
[TimeControl "60"]

1. e4 c6 2. Nc3 d5 3. Nf3 dxe4 4. Nxe4 Nf6 5. Qe2 Nxe4 6. Qxe4 Nd7 {[%emt 0:00:
00] B11: Caro-Kann: Two Knights Variation.} 7. Bc4 {[%emt 0:01:14] Hoping for
Ng5.} Nf6 {[%emt 0:00:57] [#]} 8. Ne5 $1 e6 {[%emt 0:00:33] White has an edge.} 9. Qe2 Bd6 10. d4 Qc7 11. O-O b6 12. Re1 {[%emt 0:03:29] [#]} Bb7 $146 ({
Predecessor:} 12... O-O 13. Bf4 Bb7 14. Rad1 Rad8 15. c3 Nd5 16. Bg3 f6 17. Nd3
Bc8 18. Bb3 Rfe8 {1-0 (33) Fiedorek,M (2176)-Topola,R (1827) Pokrzywna 2020})
13. Bg5 Rf8 (13... h6 $14 14. Bh4 O-O) 14. a4
$16 O-O-O 15. a5 {[%emt 0:01:30] White is
much more active.} bxa5 (15... h6 $16) 16. Bd2 $18 Bb4 17. Bxb4 axb4 18. Rxa7 {[%emt 0:00:18] Strongly threatening Ba6.} Kb8 19.
Rea1 Qb6 (19... Rxd4 $142 20. Ba6 Re4) 20.
R7a6 Qc7 $2 {[%emt 0:05:53] Loses the game.} (20... Bxa6 $2
21. Rxa6 Kc7 22. Rxb6 $18) (20... Qxd4 $16 21. Nxc6+ Bxc6) 21. Qe1 Rxd4 {[%emt 0:02:33] [#]} 22. Nxc6+ Bxc6 23. Qxb4+ Kc8 24. Qxf8+ Rd8
{[%emt 0:00:35] [#]} 25. Ra8+ $1 Bxa8 26.
Rxa8+ Kb7 27. Qxd8 Qf4 28. Qc8+ {[%emt 0:00:31] Weighted Error Value: White=0.26 
(precise) /Black=0.60} 1-0

[Event "44th Chess Olympiad Open 2022"]
[Site "Chennai"]
[Date "2022.07.29"]
[Round "1.47"]
[White "Jodorcovsky Werjivker, Paulo"]
[Black "seder mohamad"]
[Result "1-0"]
[WhiteElo "2213"]
[BlackElo "1950"]
[Annotator "RC"]
[PlyCount "153"]
[EventDate "2022.??.??"]
[TimeControl "60"]

1. d4 e6 2. c4 Nf6 3. Nc3 Bb4 4. Bd2 O-O 5. Nf3 d5 6. e3 c5 7. a3 Bxc3 8. Bxc3 cxd4 9. Qxd4 Nc6 10. Qd1 b6 11. Rc1 Bb7 12. Be2 Qe7 13.
O-O Rfd8 14. Qa4 Rac8 15. Rfd1 e5 16. cxd5 Nxd5 17. Be1 e4 18. Nd2 Nf6 19. Nf1 Rxd1 20. Rxd1 a6 21. Ng3 b5 22. Qb3 Rd8 23. Bc3 Bc8 24. Rxd8+ Nxd8 25. Bxf6 gxf6 26. Qc3 Bb7 27. Nh5 Qd6 28. Nxf6+ Kf8 29. Nxh7+ Ke7 30. Ng5 a5 31. Qxa5 f6 32. Nh3 Bc6 33. Nf4 Nb7 34. Qc3 Nc5 35. Qd4 Qxd4 36. exd4 Na4 37. b3 Nc3 38. Kf1 Nb1 39. Ke1 Nxa3 40. Kd2 b4 41. Kc1 Bb5 42. Bg4 Bc6 43. Be2 f5 44. h4 Bb5 45. Bxb5 Nxb5 46. Ne2 f4 47. Nxf4 Nxd4 48. Nd5+ Ke6 49. Nxb4 Nxb3+ 50. Kd1 Nd4 51. Nc2 Nf5 52. g3 Nh6 53. Ne3 Ke5 54. Kd2 Ng8 55. Kc3 Nf6 56. Kc4 Ng8 57. Kc5 Nf6 58. Nc4+ Ke6 59. Ne3 Ke5 60. Kc4 Ng8 61. h5 Nh6 62. g4 Nf7 63. Kc5 Kf4 64. Kd5 Nh6 65. Ke6 Kg5 66. Ke5 Nf7+ 67. Kxe4 Nd6+ 68. Kf3 Nb5 69. Kg3 Nc3 70. f4+ Kh6 71. Nf5+ Kh7 72. g5 Kg8 73. Kf3 Kh8 74. g6 Kg8 75. h6 Nd5 76. h7+ Kh8 77. Nd6 1-0

[Event "44th Chess Olympiad Open 2022"]
[Site "Chennai"]
[Date "2022.07.29"]
[Round "1.47"]
[White "Isam, Gaith"]
[Black "Zacarias, M Ruben D"]
[Result "0-1"]
[WhiteElo "1828"]
[BlackElo "2175"]
[Annotator "RC"]
[PlyCount "162"]
[EventDate "2022.??.??"]
[TimeControl "60"]

1. e4 c5 2. Nc3 Nc6 3. f4 g6 4. Nf3 Bg7 5. Bb5 Nd4 6. d3 Nxb5 7. Nxb5 d5 8. Nc3 e6 9. O-O Ne7 10. Qe1 O-O 11. Qh4 Nc6 12. f5 Qxh4 13.
Nxh4 Bf6 14. Nf3 d4 15. e5 Bh8 16. Ne4 exf5 17. Nxc5 Nxe5 18. Nxd4 Nxd3 19. Nxd3 Bxd4+ 20. Kh1 Bd7 21. Bf4 Rfe8 22. c3 Bg7 23. Rfe1 Bc6 24. Be5 f6 25. Bd4 g5 26. Kg1 f4 27. Kf2 Kf7 28.
Rxe8 Rxe8 29. Bxa7 Bb5 30. Rd1 Ra8 31. Bc5 Rxa2 32. Ba3 Bxd3 33. Rxd3 Bf8 34. Bxf8 Rxb2+ 35. Kf3 Kxf8 36. Rd7 h5 37. h3 Rb5 38. Rc7 Re5 39. Rxb7 Re3+ 40. Kf2 Rxc3 41. Rh7 h4 42. Ra7 Re3 43. Rb7 Re7 44. Rb6 Kf7 45. Ra6 Re6 46. Ra8 Kg6 47. Rg8+ Kf5 48. Rb8 Ra6 49. Rc8 Ra5 50. Rb8 Rd5 51. Ra8 Rd2+ 52. Kf3 Rd3+ 53. Kf2 Rg3 54. Ra5+ Kg6 55. Ra1 f3 56. gxf3 Rxh3 57. Kg2 Rg3+ 58. Kf2 g4 59. fxg4 Kg5 60. Ra8 Kxg4 61. Rg8+ Kf4 62. Rh8 Rg4 63. Rh6 Kg5 64. Rh8 Ra4 65. Kg2 Ra2+ 66. Kh3 Ra3+ 67. Kh2 f5 68. Rg8+ Kf4 69. Rb8 Re3 70. Rb4+ Re4 71. Rb8 Kf3 72. Rb3+ Re3 73. Rb4 Re4 74. Rb3+ Kg4 75. Rb2 f4 76. Kg2 h3+ 77. Kh2 f3 78. Rb1 Re2+ 79. Kh1 f2 80. Rf1 Kf3 81. Kh2 Re1 0-1

[Event "44th Chess Olympiad Open 2022"]
[Site "Chennai"]
[Date "2022.07.29"]
[Round "1.47"]
[White "Shawabke Ziyad"]
[Black "Bachmann, Axel"]
[Result "0-1"]
[WhiteElo "1786"]
[BlackElo "2588"]
[Annotator "TA"]
[PlyCount "62"]
[EventDate "2022.??.??"]
[TimeControl "60"]

1. Nf3 Nf6 2. c4 e6 3. e3 b6 4. b3 Bb7 5. Bb2 d5 6. Nc3 a6 7. cxd5 exd5 8. d4 Bd6 9.
Bd3 Nbd7 10. O-O O-O 11. Ne2 {[%emt 0:02:05] E14: Queen's Indian: Classical
Variation (4 e3).} Qe7 12. Ng3 g6 {[%emt 0:
00:00] Against Nf5} 13. Qc2 {[%emt 0:19:16] The position is equal.} Ne4 {
[%emt 0:01:56] [#]} 14. Bxe4 $146 ({Predecessor:} 14. Rac1
Rac8 15. Qe2 Rfe8 16. Rc2 a5 17. Rfc1 c6 18. Ba6 Bxa6 19. Qxa6 Bxg3 20. hxg3 {
½-½ (46) Skomorokhin,R (2318)-Cvitan,O (2481) Zuerich 2019}) 14... dxe4 15. Nd2 f5 16. Nc4 $1 Bd5 17. Nxd6 Qxd6 18. Rac1 c6 19. Ne2 Nf6 20. Nc3 Rac8 21. Qe2 b5 22. Nxd5 Nxd5 23. a3 Qe6 24. Rfe1 Rce8 25. g3 {[%emt 0:02:47] Prevents f4.} Rf6 26. Rc5 Qf7 (26... g5 $5 ) 27.
Rec1 Ree6 28. Qc2 $2 {[%emt 0:01:09] [#]
White does not recover from this.} (28. Bc3 $15) 28... g5 $1 $19 29. Rxc6 $2 (29. Re1) 29... Rxc6 {[%emt 0:00:11] Black
is clearly winning.} 30. Qxc6 Rxc6 31. Rxc6 Qh5 {[%emt 0:00:10] Weighted Error Value: White=0.67/Black=0.
04 (flawless)} 0-1

[Event "44th Chess Olympiad Open 2022"]
[Site "Chennai"]
[Date "2022.07.29"]
[Round "1.48"]
[White "Macovei, Andrei"]
[Black "Prudente, Elmer"]
[Result "1-0"]
[WhiteElo "2478"]
[BlackElo "1995"]
[Annotator "TA"]
[PlyCount "51"]
[EventDate "2022.??.??"]
[TimeControl "60"]

1. e4 c5 2. Nf3 g6 3. d4 cxd4 4.
Nxd4 Nc6 5. c4 Nf6 6. Nc3 Nxd4 7. Qxd4 Bg7 {[%emt 0:00:56] B36: Sicilian: Maroczy Bind: Gurgenidze System.} 8. e5 Ng8 9. Bf4 Nh6 (9... d6 $1 $14) 10. O-O-O $16 O-O 11. Be2 {[%emt 0:02:26] [#]} (11. f3 $1 $16) 11... f6 $146 (11... d6 $1 $11 {and Black has nothing to worry.}) ({Predecessor:} 11...
d6 12. Qe3 Nf5 13. Qe4 Qa5 14. Rd5 Qb6 15. g4 dxe5 16. Bxe5 Bh6+ 17. Kb1 Be6
18. Qf3 Nd6 19. c5 Bxd5 20. Nxd5 Qxc5 21. Nxe7# {1-0 (21) Schimmer,M (1805)
-Catalano,E (1596) Frankfurt 2019}) 12. Bf3 (12. e6 $1 $18 g5 13. exd7 gxf4 14. dxc8=N (14. dxc8=B Qxc8 15. Qxf4 f5 $16)
14... Qxc8 15. Qxf4) 12... Nf7 $14 13. exf6 Bxf6 14. Qd2 $36 {[%emt 0:00:07] Black is
under strong pressure.} Qa5 {[%emt 0:03:20] [#]} (14... d6 $16 {is a better
defense.}) 15. Nd5 $1 $18 Qxa2 (15... Qxd2+
$142 16. Rxd2 Bg5) 16. Nxf6+ exf6 17. Bd6 {
[%emt 0:05:09] Active counter play!} Re8 18. Bd5 {[%emt 0:00:
09] And now Qh6 would win. This bishop pair is nice.} Kg7 {[%emt 0:00:00]
Against Qh6+} (18... Qa1+ 19. Kc2 Qa4+ 20. Kc3 Qa5+ 21. Bb4 Qc7) 19. Bxf7 Kxf7 {[%emt 0:00:13] [#]} 20. Rhe1 $1 Qxc4+ 21. Kb1 {[%emt 0:00:01] White threatens Qh6 and mate.} g5 22. h4 $2 (22. Rxe8 Kxe8 23. Re1+ Kf7 24. Qd1
(24. Qe3 Qe6 $14)) 22... b6 $2 (22... Re6) 23. Rxe8 Kxe8 24. Qe3+ Kf7 25. Qe7+ Kg6 26. h5+ {[%emt 0:01:05]
Deflection. Weighted Error Value: White=0.31/Black=1.27} 1-0

[Event "44th Chess Olympiad Open 2022"]
[Site "Chennai"]
[Date "2022.07.29"]
[Round "1.48"]
[White "Baltag, Iulian"]
[Black "Estur, Gavino Aguilar"]
[Result "1-0"]
[WhiteElo "2405"]
[BlackElo "1598"]
[Annotator "TA"]
[PlyCount "119"]
[EventDate "2022.??.??"]
[TimeControl "60"]

1. Nf3 Nf6 2. c4 c6 3. d4 d5 4. Nc3 e6 5. e3 Be7 6. Qc2 Nbd7 {[%emt 0:01:07] was the
old line (6...0-0).} 7. g4 dxc4 8. Bxc4 Nd5 {[%emt 0:02:12] D45: Semi-Slav: 5 e3.} 9. Bd2
{[%emt 0:01:14] [#]} h5 $146 (9... Nxc3 $11 10. bxc3 b6) ({
Predecessor:} 9... b6 10. e4 Nb4 11. Qb3 a5 12. a3 Na6 13. Qc2 Bb7 14. Bf4 b5
15. Be2 b4 16. axb4 Nxb4 {0-1 (33) Doluweera,D (1863)-Quiroga Jaquez,A (2178)
Tornelo INT 2020}) 10. Rg1 (10. g5 $5) 10... Bf8 (10... hxg4 $11 {remains equal.} 11. Rxg4 g6) 11. g5 g6 12. Ne4 Be7 13. Be2 Qc7 14. O-O-O Bd6 $2 (14... a5 $14) 15. Nxd6+ $18 Qxd6 16. Kb1 b6 17. Ne5 (17. Qc1 $18 {
has better winning chances.}) 17... Nxe5 $16 18. dxe5 Qc7 19. e4 Ne7 20. Bb4 {[%emt 0:00:41] Hoping for Bxe7.} c5 21. Rd6 {
[%emt 0:01:31] White is much more active. The black rooks are badly placed.} (
21. Bb5+ $16 Kf8 22. Bc3) 21... Bd7 $1 $11 22. f3 O-O-O (22... a5 $11 23. Bc3 Nc8) 23. Bc3 $1 $16 {[%emt 0:
00:49] Threatens to win with Rgd1.} Kb8 24. Rgd1 $36 {[%emt 0:
00:28] Black is under strong pressure.} Bc6 25. Qd2 ({White should play} 25. b4) 25... Rde8 26. Qf4 (26. Ba6 $16) 26... Rhf8 27. b4 {[%emt 0:01:
26][%cal Yb2b4,Yb4c5,Yc5c6] And now b5 would win.} Nc8 $2 {[%emt 0:02:07] [#]}
(27... c4 $16) 28. R6d2 $2 (28. b5 $1 $18 {[%cal Rb5c6] and
the rest is easy.}) 28... Ba4 29. Rc1 {[%emt 0:00:34] bxc5 is
the strong threat.} Ka8 30. Bb2 Rd8 31. bxc5 b5 (31... bxc5 $16 {was
necessary.} 32. Rxd8 Rxd8) 32. c6 $18 Rxd2 33. Qxd2 Rd8 {[%emt 0:00:09] [#]} 34. Qe3 ({
White should try} 34. Qc3 $1) 34... Qb6 (34... Ne7 $142) 35.
Qf4 b4 $2 (35... Qc7 $16 {is more resistant.}
) 36. Qxf7 Bxc6 37. Ka1 (37.
Bc4 $142) 37... Be8 $2 (37... Bd7 38. Qxg6 a5) 38. Qf8 $2 ({White has to play} 38. Qf6 $18) 38... Kb8 $1 $14 39. Bc4 {[%emt 0:01:58] Black must now prevent Qf6.} Ba4 $1 40. Qf4 Rd1 (40... a5 $14 {was
preferrable.}) 41. Be2 {[%emt 0:35:05] A strong pair of Bishops.} (41. Rxd1 $16
Bxd1 42. Qd2 Bxf3 43. Bd4) 41... Rxc1+ 42. Qxc1 {[%emt 0:00:
06] aiming for f4.} Qc7 $2 (42... Qf2 $1 $11 {and Black has
nothing to worry.} 43. Bc4 (43. Ba6 Nb6 $11) 43... Qxf3) 43. Qd2 a5 44. a3 b3 (44...
bxa3 $16 {might work better.} 45. Bc3 (45. Bxa3 Qxe5+ 46. Qb2+ Qxb2+ 47. Kxb2
Kc7 $16) 45... Bb3) 45. Bc3 Qc5 46. Kb2 ({Don't take} 46. Bxa5 Qxe5+ 47. Bc3 Qxh2 $18) 46... Kb7 47. Bd4 Qc2+ 48. Qxc2 bxc2 $18 {[%emt 0:00:00] Endgame KBB-KBN} 49. Bc4 Bd7 50. Kxc2 Nb6 (50...
Kc7 $142 51. f4 Nb6) 51. Bxb6 Kxb6 {[%emt 0:00:00] KB-KB} 52.
Kc3 Kc5 53. h4 a4 54. f4 Bc8 55. Ba2 (
55. f5 $142 exf5 56. e6 fxe4 57. e7 Bd7 58. Bf7 Kd6 59. e8=Q Bxe8 60. Bxe8)
55... Bd7 56. f5 exf5 57.
Bf7 {[%emt 0:00:00] White wants to mate with e6.} f4 58. Kd2 {
[%emt 0:00:00] e6 would kill now.} Kd4 59. e6 Bb5 60. e7 {[%emt 0:33:41] Weighted Error
Value: White=0.61/Black=0.85} 1-0

[Event "44th Chess Olympiad Open 2022"]
[Site "Chennai"]
[Date "2022.07.29"]
[Round "1.48"]
[White "Mafnas, Peter"]
[Black "Ceres, Dragos"]
[Result "0-1"]
[WhiteElo "2039"]
[BlackElo "2378"]
[Annotator "TA"]
[PlyCount "58"]
[EventDate "2022.??.??"]
[TimeControl "60"]

1. d4 Nf6 2. c4 e6 3. Nc3 Bb4 4. Bg5 h6 5. Bh4 b6 6. e3 Bb7 7. Nf3 g5 8. Bg3 Ne4 9. Qc2 Bxc3+ 10.
bxc3 d6 11. Bd3 f5 12. Qb3 {[%emt 0:11:43][%cal Yc4c5] [#] E13: Queen's Indian/
Nimzo-Indian hybrid: 4 Nc3 Bb7 5 Bg5 h6 6 Bh4 Bb4.} Qf6 $146 (
{Predecessor:} 12... Nd7 13. c5 Qe7 14. O-O dxc5 15. Bxc7 Rc8 16. Bg3 cxd4 17.
cxd4 Rc3 18. Qd1 Nxg3 19. hxg3 Kf7 {0-1 (29) Brewer,S (2427)-Kudela,S (2488)
ICCF email 2014}) 13. Rc1 (13. O-O $11) 13... O-O 14. c5 {[%emt 0:03:13] Black is slightly better.} Bd5 ({
Better is} 14... Nxg3 $11 15. hxg3 dxc5) 15. Bc4 $2 (15. c4
$14 {was the only good move.} Bb7 16. cxd6 Nxg3 17. hxg3 cxd6 18. c5) 15...
Bxc4 $17 16. Qxc4 bxc5 17.
dxc5 (17. Qa4 $17) 17... Nxc5 $19 18. O-O Nbd7 19. h3 Rab8 20. Rb1 Rb6 21. Rxb6 Nxb6 {[%emt 0:00:12] Pair of Knights!} 22. Qd4 Ne4 23. Rc1 e5 24. Qb4 c5 25. Qa5 (25. Qb3+ $142 c4 26. Qb2) 25... Nxg3 26. fxg3 Nc4 {[%emt 0:03:13][%csl Ya5,Ye3] Inhibits Nd2.} 27. Qxa7 e4 ({But not} 27... Nxe3 $2 28. Re1 Nc4 29.
Qa6 $19) 28. Nh2 Nxe3 {[%emt 0:00:17] [#] Hoping for ...f4.}
29. a4 $2 (29. Qa6) 29... Qe5 $2 {[%emt 0:01:27] Weighted
Error Value: White=0.57/Black=0.15 (very precise)} (29... f4 30. Nf1 {[#]} Nxg2
$1) 0-1

[Event "44th Chess Olympiad Open 2022"]
[Site "Chennai"]
[Date "2022.07.29"]
[Round "1.48"]
[White "Soriano, Rudolph P."]
[Black "Hamitevici, Vladimir"]
[Result "0-1"]
[WhiteElo "1824"]
[BlackElo "2473"]
[Annotator "TA"]
[PlyCount "90"]
[EventDate "2022.??.??"]
[TimeControl "60"]

1. Nf3 Nf6 2. c4 e6 3. g3 b6 4. Bg2 Bb7 5. O-O Be7 6. d3 O-O 7. e4 {[%emt 0:00:10] The main line 7.e4 scores
better than 7.Nc3.} c5 8. Nc3 d6 9. Nh4 {[%emt 0:00:24][%cal Ye4e5] A17: English Opening: 1...Nf6 with ...
Bb4.} Nfd7 10. Nf3 Ne5 {[%emt 0:01:14] [#]}
11. Bf4 $146 {[%emt 0:01:48] The position is equal.} ({Predecessor:} 11. Ne1
Nec6 12. f4 Nd4 13. Nc2 a6 14. Nxd4 cxd4 15. Ne2 e5 16. Bd2 Nd7 17. a4 {
0-1 (38) Koshil,T (2229)-Zubov,A (2538) Rodatychi 2006}) 11... Nbc6 12. a3 Bf6 13. Rc1 Qe7 14. Qe2 a6 15. Rfd1 Nxf3+ 16. Qxf3 Nd4 17. Qg4 b5 18. Re1 b4 19. axb4 cxb4 20. Nd1 (20. Na4 $15) 20... e5 {[%emt 0:01:29] [#] ...Bc8 is the
strong threat.} 21. Bd2 Bc8 {[%emt 0:01:35] Black is more
active.} 22. Qh5 Nb3 $36 {[%emt 0:03:46] White is under
strong pressure.} 23. Rc2 {[%emt 0:02:13] [#]} (23. Ne3 $142) 23... g6 $1 $17 24. Qh6 a5 25. h4 (25. Kh1 $17) 25... Bg7 $19 26. Qg5 (
26. Qe3 $142) 26... f6 27. Qe3 Bb7 28. f3 (28. f4 $142)
28... f5 29. Qf2 Nc5 30. Qe2 f4 31. g4 Qxh4 32. Rf1 Qd8 33. Be1 Bf6 34. Nf2 Nb3 35. Qd1 Nd4 36. Rc1 Bh4 37. Nh3 Bc8 38. Bf2 Bxf2+ 39. Rxf2 Qh4 40. c5 h5 41. cxd6 hxg4 42. Rc7 gxh3 43. Bh1 Qg3+ 44. Kf1 h2 45. Rg2 Bh3 {
[%emt 0:00:08] Weighted Error Value: White=0.66/Black=0.04 (flawless)} 0-1